 Dungeon Crawl Stone Soup version 0.20.1-1-g8b1a95d (webtiles) character file.

128 jmlagarto the Sneak (level 4, -4/18 HPs)
             Began as a Felid Earth Elementalist on Sept 13, 2017.
             Killed from afar by an orc wizard (7 damage)
             ... with a magic dart
             ... on level 3 of the Dungeon on Sept 14, 2017.
             The game lasted 00:10:42 (3190 turns).

jmlagarto the Sneak (Felid Earth Elementalist)      Turns: 3190, Time: 00:10:44

Health: -4/18      AC:  1    Str:  4    XL:     4   Next: 86%
Magic:  7/9        EV: 20    Int: 17    God:
Gold:   209        SH:  0    Dex: 19    Spells: 3/9 levels left
                                        Lives:  0   Deaths: 1

rFire    . . .     SeeInvis +     - Unarmed
rCold    . . .     Gourm    .   (shield unavailable)
rNeg     . . .     Faith    .   (armour unavailable)
rPois    .         Spirit   .   (helmet unavailable)
rElec    .         Reflect  .   (cloak unavailable)
rCorr    .         Harm     .   (gloves unavailable)
MR       .....                  (boots unavailable)
Stlth    +++.......             (no amulet)
Regen    0.1/turn               g - +1 ring of slaying
MPRegen  0.2/turn               m - +3 ring of dexterity

@: quick
A: no armour, no weapons or thrown items, stealth, claws 1, fangs 3, see
invisible, carnivore 3, speed 1, shaggy fur 1, slow metabolism 1, sharp paws
a: no special abilities


You were on level 3 of the Dungeon.
You were full.

You visited 1 branch of the dungeon, and saw 3 of its levels.

You collected 209 gold pieces.

Inventory:

Jewellery
 g - a +1 ring of slaying (left paw)
 m - a +3 ring of dexterity (right paw)
Scrolls
 a - 2 scrolls of remove curse
 h - 3 scrolls of teleportation {unknown}
 j - 3 scrolls of immolation {unknown}
Potions
 b - 2 potions of cancellation {unknown}
 c - 2 potions of lignification {unknown}
 i - a potion of flight
 k - a potion of curing
Books
 d - a book of Geomancy

   Spells                             Type                      Level
   a - Sandblast                      Earth                        1
   b - Passwall                       Transmutation/Earth          2
   c - Stone Arrow                    Conjuration/Earth            3
   d - Petrify                        Transmutation/Earth          4
   e - Lee's Rapid Deconstruction     Earth                        5


   Skills:
 + Level 0.6 Fighting
 + Level 3.9 Dodging
 + Level 4.0 Stealth
 + Level 1.3 Unarmed Combat
 + Level 3.0 Spellcasting
 + Level 1.1 Transmutations
 + Level 3.7 Earth Magic


You had 3 spell levels left.
You knew the following spells:

 Your Spells              Type           Power        Failure   Level  Hunger
a - Sandblast             Erth           ###...       3%          1    None
b - Passwall              Tmut/Erth      ##........   10%         2    ##.....
c - Stone Arrow           Conj/Erth      #.....       24%         3    ###....


Dungeon Overview and Level Annotations

Branches:
Dungeon (3/15)

Altars:
Dithmenos
Elyvilon
Gozag
Xom


Innate Abilities, Weirdness & Mutations

You cannot wear armour.
You are incapable of wielding weapons or throwing items.
Your paws allow you to move quietly. (Stealth)
You have sharp claws.
You have razor-sharp teeth.
You have supernaturally acute eyesight. (SInv)
You are carnivorous and can eat meat at any time.
You cover ground quickly.
You are covered in fur. (AC +1)
You have a slow metabolism.
Your sharp claws are effective at attacking unaware monsters.


Message History

You scratch the orc.
The orc is heavily wounded.
You barely miss the orc wizard.
The orc wizard hits you but does no damage.
You scratch the orc wizard but do no damage.
The orc wizard hits you with a dagger. x2
You are too injured to fight recklessly!
You are too injured to fight recklessly!
You are too injured to fight recklessly!
You are too injured to fight recklessly!
Casting: Stone Arrow
Confirm with . or Enter, or press ? or * to list all spells.
Which direction?
The orc wizard points at you and mumbles some strange words.
The magic dart hits you!
* * * LOW HITPOINT WARNING * * *
You begin to meditate on the wall.
You continue meditating on the rock.
The orc wizard gestures at you while chanting.
The magic dart hits you!
You die...

##### ########## ....#
#........# ###.#######
#........#####. ###.##....#
#..............
..#.##....####........(....#
............................
..####.....###..............
..####.....########.........
.....'.)........@oo.........
..####.....########.........
..####.....# #.........
..##.......# #....?...#
..##.......# #.........
#.......##### #.........
#...........# #........#
#.....##....# #######...
#[..........#


You could see an orc wizard and an orc.

Vanquished Creatures
  Jessica (D:2)
  Terence (D:2)
  3 adders
  3 oozes
  3 worms
  4 dart slugs
  2 leopard geckos
  2 orcs (D:3)
  A ball python (D:1)
  3 giant cockroaches
  3 goblins
  13 hobgoblins
  7 jackals
  A quokka (D:2)
  6 bats
  4 frilled lizards
  10 kobolds
  6 rats
73 creatures vanquished.

Notes
Turn   | Place    | Note
-------+----------+-------------------------------------------
     0 | D:1      | jmlagarto the Felid Earth Elementalist began the quest for the Orb.
     0 | D:1      | Reached XP level 1. HP: 7/7 MP: 4/4
   144 | D:1      | Reached XP level 2. HP: 2/11 MP: 0/6
   662 | D:1      | Reached XP level 3. HP: 14/14 MP: 4/7
   778 | D:1      | Found a shimmering altar of Xom.
  1461 | D:2      | Found an opulent altar of Gozag.
  1525 | D:2      | Found a shadowy altar of Dithmenos.
  1531 | D:2      | Reached skill level 3 in Stealth
  1546 | D:2      | Noticed Terence
  1553 | D:2      | Reached XP level 4. HP: 18/18 MP: 2/8
  1577 | D:2      | Killed Terence
  1727 | D:2      | Slain by a kobold
  1728 | D:2      | Reached XP level 3. HP: -2/15 MP: 8/8
  1793 | D:2      | Reached skill level 1 in Unarmed Combat
  2018 | D:2      | Noticed Jessica
  2028 | D:2      | Killed Jessica
  2028 | D:2      | Reached XP level 4. HP: 12/18 MP: 6/9
  2127 | D:2      | Learned a level 2 spell: Passwall
  2131 | D:2      | Learned a level 3 spell: Stone Arrow
  2268 | D:2      | Found a white marble altar of Elyvilon.
  2973 | D:3      | Reached skill level 4 in Stealth
  3190 | D:3      | Killed from afar by an orc wizard

Skill      XL: |  1  2  3  4 |
---------------+-------------+-----
Earth Magic    | 3 |  3.7
Dodging        | 3 |  3.9
Stealth        | 3 4 |  4.0
Unarmed Combat | 1 |  1.3
Spellcasting   | 3 |  3.0
Fighting       | |  0.6
Transmutations | |  1.1

Action                   |  1- 3 |  4- 6 || total
-------------------------+-------+-------++-------
Melee: Unarmed           |    47 |   134 ||   181
       Bite              |     1 |    16 ||    17
 Cast: Sandblast         |    50 |     2 ||    52
       Stone Arrow       |       |     7 ||     7
       Passwall          |       |     1 ||     1
  Use: Potion            |       |     5 ||     5
       Scroll            |       |     1 ||     1
 Stab: Sleeping          |     2 |     4 ||     6
       Invisible         |       |     5 ||     5
  Eat: Chunk             |     2 |       ||     2
       Meat ration       |     1 |       ||     1
Armor: Skin              |     1 |     7 ||     8
Dodge: Dodged            |    50 |   126 ||   176
